Winnipeg Jets vs Anaheim Ducks
Created - Wednesday, March 27, 2024 at 06:33
Goals
|
| Winnipeg Jets |
2 |
3 |
2 |
7 |
| Anaheim Ducks |
1 |
0 |
0 |
1 |
|
Shots
|
| Winnipeg Jets |
11 |
15 |
11 |
37 |
| Anaheim Ducks |
8 |
13 |
7 |
28 |
|
1st period
1. Winnipeg Jets , Barclay Goodrow 4 (Matthew Beniers 8, Joel Armia 3) at 0:59
2. Anaheim Ducks , William Nylander 28 (Brenden Dillon 11) at 10:06
3. Winnipeg Jets , Nick Suzuki 22 (Kaapo Kakko 18) at 18:31
Penalties :
No Penalty
2nd period
4. Winnipeg Jets , Andrew Cogliano 10 (Nick Suzuki 28, Kaapo Kakko 19) at 3:33 (PP)
5. Winnipeg Jets , Kaapo Kakko 14 (Nick Suzuki 29, Dylan Samberg 4) at 8:29 (PP)
6. Winnipeg Jets , Pius Suter 5 (Sam Steel 4, Klim Kostin 4) at 14:37
Penalties :
Mark Scheifele (ANA) for Boarding (Double Minor) at 2:01, Nazem Kadri (ANA) for Roughing (Minor) at 7:12, Alex Killorn (ANA) for Fighting (Major) at 15:26, Nathan Beaulieu (WPG) for Fighting (Major) at 15:26, Nathan Beaulieu (WPG) for instigated a fight (Minor) at 15:26, Nathan Beaulieu (WPG) for instigated a fight (10 Minutes Misconduct) at 15:26, Josh Manson (ANA) for Roughing (Minor) at 19:28
3rd period
7. Winnipeg Jets , Alex DeBrincat 23 (Connor McDavid 30, Lucas Raymond 20) at 0:06 (PP)
8. Winnipeg Jets , Andrew Cogliano 11 (Nick Suzuki 30) at 17:59
Penalties :
Brenden Dillon (ANA) for Fighting (Major) at 1:15, Klim Kostin (WPG) for Fighting (Major) at 1:15, Andrew Cogliano (WPG) for Roughing (Minor) at 1:20, Mark Scheifele (ANA) for Fighting (Major) at 12:27, Matthew Beniers (WPG) for Fighting (Major) at 12:27, Josh Manson (ANA) for Fighting (Major) at 17:20, Kaapo Kakko (WPG) for Fighting (Major) at 17:20
Goalie Stats
Spencer Knight (WPG), 27 saves from 28 shots - (0.964), W, 12-14-7, 60:00 minutes
Linus Ullmark (ANA), 30 saves from 37 shots - (0.811), L, 18-11-1, 60:00 minutes
Players Stats for Winnipeg Jets
Player Name G A P +/- PIM S H SB GA TA FO MP PP MP PK MP
------------------------------------------------------------------------------------
Alex DeBrincat 1 0 1 -1 0 2 2 0 0 0 0/0 18:31 2:06 2:01
Andrew Cogliano 2 0 2 2 2 4 0 1 0 0 0/0 17:56 2:48 0:00
Barclay Goodrow 1 0 1 2 0 4 1 1 1 0 0/0 14:01 0:19 0:00
Calen Addison 0 0 0 1 0 1 0 3 0 0 0/0 18:39 2:38 0:14
Connor McDavid 0 1 1 -1 0 2 1 0 1 0 14/25 18:40 2:15 1:57
Dante Fabbro 0 0 0 2 0 1 4 2 0 1 0/0 25:28 2:29 2:04
Dylan Samberg 0 1 1 1 0 0 2 3 0 0 0/0 23:05 2:38 1:40
Joel Armia 0 1 1 1 0 3 1 0 1 0 0/1 13:03 0:00 0:00
Jordan Harris 0 0 0 0 0 1 0 2 0 0 0/0 17:40 0:19 2:34
Kaapo Kakko 1 2 3 1 5 3 0 0 1 1 0/0 16:14 2:52 0:00
Klim Kostin 0 1 1 1 5 0 0 1 0 0 1/1 7:52 0:28 0:00
Lucas Raymond 0 1 1 -1 0 0 1 1 1 0 0/1 19:10 2:06 2:01
Matthew Beniers 0 1 1 1 5 4 3 0 1 0 7/11 13:11 0:23 0:00
Nathan Beaulieu 0 0 0 2 17 1 1 0 0 0 0/0 17:42 2:17 0:00
Nick Suzuki 1 3 4 2 0 4 4 0 0 0 5/22 20:12 2:52 1:57
Pius Suter 1 0 1 1 0 2 0 0 0 1 0/0 9:33 0:09 0:00
Sam Steel 0 1 1 1 0 4 0 0 0 0 1/1 8:22 0:00 0:00
Ty Smith 0 0 0 0 0 1 1 1 0 2 0/0 16:38 0:31 1:24
Players Stats for Anaheim Ducks
Player Name G A P +/- PIM S H SB GA TA FO MP PP MP PK MP
------------------------------------------------------------------------------------
Alex Killorn 0 0 0 0 5 1 1 1 0 0 0/0 16:06 0:55 2:36
Brayden Schenn 0 0 0 -1 0 4 1 0 2 1 0/0 17:53 1:49 1:08
Brenden Dillon 0 1 1 -1 5 0 2 0 0 1 0/0 16:53 0:00 2:42
Calle Jarnkrok 0 0 0 -2 0 0 2 0 0 0 0/0 12:23 0:03 0:00
Chandler Stephenson 0 0 0 0 0 3 1 0 1 1 9/15 18:13 1:58 3:18
Esa Lindell 0 0 0 0 0 2 2 2 0 2 0/0 22:50 0:00 3:01
Ivan Provorov 0 0 0 -2 0 0 1 1 0 0 0/0 22:07 1:50 2:44
J.T. Compher 0 0 0 -2 0 3 1 1 0 0 2/5 16:47 0:54 1:45
John Tavares 0 0 0 -1 0 1 0 0 0 0 21/33 18:41 1:57 0:00
Josh Manson 0 0 0 -2 7 0 3 0 0 0 0/0 20:24 1:50 2:25
Joshua Morrissey 0 0 0 0 0 1 1 0 0 0 0/0 20:29 2:08 0:00
Mark Scheifele 0 0 0 0 9 2 0 0 0 0 1/3 17:24 2:09 0:00
Mason Marchment 0 0 0 0 0 1 0 0 0 0 0/0 7:44 0:00 0:00
Max Domi 0 0 0 0 0 0 1 0 0 0 0/0 8:16 0:12 0:20
Morgan Rielly 0 0 0 -1 0 2 2 1 0 1 0/0 16:57 2:08 0:00
Nazem Kadri 0 0 0 0 2 0 0 0 0 0 1/6 7:43 0:00 0:00
Teuvo Teravainen 0 0 0 -2 0 3 3 0 1 0 0/0 14:56 0:00 1:45
William Nylander 1 0 1 -1 0 5 1 0 1 0 0/0 18:41 1:57 0:00
3 Stars
1 - Nick Suzuki (WPG)
2 - Andrew Cogliano (WPG)
3 - Spencer Knight (WPG)
Power Play
Winnipeg Jets - 3 on 4 Attempt(s) - 75.00%
Anaheim Ducks - 0 on 2 Attempt(s) - 0.00%
Penalty Kill
Winnipeg Jets - 2 on 2 Attempt(s) - 100.00%
- Score 0 goal in Penalty Kill
Anaheim Ducks - 1 on 4 Attempt(s) - 25.00%
- Score 0 goal in Penalty Kill
Team Stat
Winnipeg Jets - Hits : 21 - Faceoff Wins : 28 - Blocked Shots : 15 - Penalty Minutes : 34
Anaheim Ducks - Hits : 22 - Faceoff Wins : 34 - Blocked Shots : 6 - Penalty Minutes : 28
Official
Referees : Graham Skiliter and TJ Luxmore
Linesman : Brandon Gawryletz and Brad Lazarowich
Game Notes
Alex Killorn and Nathan Beaulieu fight to a draw at 15:26 of 2nd period
Brenden Dillon beats up Klim Kostin at 1:15 of 3rd period
Mark Scheifele beats up Matthew Beniers at 12:27 of 3rd period
Josh Manson beats up Kaapo Kakko at 17:20 of 3rd period
Finance
Level 1 -- Attendance: 4707 (78.45%) -- Ticket Income $470,700
Level 2 -- Attendance: 3825 (76.50%) -- Ticket Income $229,500
Level 3 -- Attendance: 1980 (66.00%) -- Ticket Income $91,080
Level 4 -- Attendance: 3569 (71.38%) -- Ticket Income $89,225
Luxury Box -- Attendance: 797 (79.70%) -- Ticket Income $159,400
Game was played at the Honda Center.
Total Attendance: 14878 (74.39%)
Total Ticket Income: $1,039,905
Other Income: $363,967
Total Income: $1,403,872
Winnipeg Jets
5 vs 5 Forward
Center Left Wing Right Wing Time % Phy DF OF
1 Connor McDavid Alex DeBrincat Lucas Raymond 30 1 2 2
2 Nick Suzuki Andrew Cogliano Kaapo Kakko 30 1 2 2
3 Matthew Beniers Barclay Goodrow Joel Armia 25 1 2 2
4 Sam Steel Pius Suter Klim Kostin 15 1 2 2
5 vs 5 Defense
Defense Defense Time % Phy DF OF
1 Dante Fabbro Nathan Beaulieu 30 1 2 2
2 Dylan Samberg Calen Addison 30 1 2 2
3 Jordan Harris Ty Smith 25 1 2 2
4 Dante Fabbro Nathan Beaulieu 15 1 2 2
PowerPlay Forward
Center Left Wing Right Wing Time % Phy DF OF
1 Connor McDavid Alex DeBrincat Lucas Raymond 50 1 2 2
2 Nick Suzuki Andrew Cogliano Kaapo Kakko 50 1 2 2
PowerPlay Defense
Defense Defense Time % Phy DF OF
1 Dante Fabbro Nathan Beaulieu 50 1 2 2
2 Dylan Samberg Calen Addison 50 1 2 2
Penalty Kill 4 Players Forward
Center Wing Time % Phy DF OF
1 Connor McDavid Nick Suzuki 50 1 2 2
2 Alex DeBrincat Lucas Raymond 50 1 2 2
Penalty Kill 4 Players Defense
Defense Defense Time % Phy DF OF
1 Dante Fabbro Nathan Beaulieu 50 1 2 2
2 Jordan Harris Dylan Samberg 50 1 2 2
Penalty Kill - 3 Players Forward
Forward Time % Phy DF OF
1 Connor McDavid 50 1 2 2
2 Nick Suzuki 50 1 2 2
Penalty Kill - 3 Players Defense
Defense Defense Time % Phy DF OF
1 Dante Fabbro Nathan Beaulieu 50 1 2 2
2 Jordan Harris Ty Smith 50 1 2 2
4 vs 4 Forward
Center Wing Time % Phy DF OF
1 Connor McDavid Nick Suzuki 50 1 2 2
2 Alex DeBrincat Lucas Raymond 50 1 2 2
4 vs 4 Defense
Defense Defense Time % Phy DF OF
1 Dante Fabbro Nathan Beaulieu 50 1 2 2
2 Dylan Samberg Jordan Harris 50 1 2 2
Last Minutes Offensive
Center Left Wing Right Wing Defense Defense
Connor McDavid Alex DeBrincat Lucas Raymond Dante Fabbro Nathan Beaulieu
Last Minutes Defensive
Center Left Wing Right Wing Defense Defense
Connor McDavid Alex DeBrincat Lucas Raymond Dante Fabbro Nathan Beaulieu
Goaltenders
Starting : Spencer Knight
Backup : Ukko-Pekka Luukkonen
Extra Forwards
Normal : Matthew Beniers, Barclay Goodrow, Joel Armia - PP : Matthew Beniers, Barclay Goodrow - PK : Joel Armia
Extra Defensemen
Normal : Dylan Samberg, Jordan Harris, Nathan Beaulieu - PP : Dylan Samberg - PK : Jordan Harris, Nathan Beaulieu
Penalty Shots
Connor McDavid, Nick Suzuki, Alex DeBrincat, Lucas Raymond, Matthew Beniers
Anaheim Ducks
5 vs 5 Forward
Center Left Wing Right Wing Time % Phy DF OF
1 John Tavares William Nylander Mark Scheifele 40 1 1 3
2 Chandler Stephenson Brayden Schenn Alex Killorn 30 1 2 2
3 J.T. Compher Teuvo Teravainen Calle Jarnkrok 20 1 2 2
4 Nazem Kadri Max Domi Mason Marchment 10 1 2 2
5 vs 5 Defense
Defense Defense Time % Phy DF OF
1 Esa Lindell Joshua Morrissey 35 1 2 2
2 Brenden Dillon Morgan Rielly 35 1 2 2
3 Ivan Provorov Josh Manson 30 1 2 2
4 Morgan Rielly Esa Lindell 0 1 2 2
PowerPlay Forward
Center Left Wing Right Wing Time % Phy DF OF
1 John Tavares William Nylander Mark Scheifele 60 1 1 3
2 Chandler Stephenson Brayden Schenn Alex Killorn 40 0 1 4
PowerPlay Defense
Defense Defense Time % Phy DF OF
1 Joshua Morrissey Morgan Rielly 60 1 2 2
2 Josh Manson Ivan Provorov 40 1 2 2
Penalty Kill 4 Players Forward
Center Wing Time % Phy DF OF
1 Chandler Stephenson Alex Killorn 55 1 3 1
2 J.T. Compher Teuvo Teravainen 45 1 3 1
Penalty Kill 4 Players Defense
Defense Defense Time % Phy DF OF
1 Esa Lindell Brenden Dillon 50 1 3 1
2 Ivan Provorov Josh Manson 50 1 3 1
Penalty Kill - 3 Players Forward
Forward Time % Phy DF OF
1 Alex Killorn 50 1 3 1
2 Chandler Stephenson 50 1 3 1
Penalty Kill - 3 Players Defense
Defense Defense Time % Phy DF OF
1 Esa Lindell Brenden Dillon 50 1 3 1
2 Josh Manson Ivan Provorov 50 1 3 1
4 vs 4 Forward
Center Wing Time % Phy DF OF
1 John Tavares William Nylander 60 1 2 2
2 Chandler Stephenson Mark Scheifele 40 1 2 2
4 vs 4 Defense
Defense Defense Time % Phy DF OF
1 Esa Lindell Morgan Rielly 50 1 2 2
2 Ivan Provorov Brenden Dillon 50 1 2 2
Last Minutes Offensive
Center Left Wing Right Wing Defense Defense
John Tavares William Nylander Mark Scheifele Joshua Morrissey Morgan Rielly
Last Minutes Defensive
Center Left Wing Right Wing Defense Defense
Chandler Stephenson Alex Killorn Teuvo Teravainen Ivan Provorov Esa Lindell
Goaltenders
Starting : Linus Ullmark
Backup : James Reimer
Extra Forwards
Normal : William Nylander, John Tavares, Mark Scheifele - PP : John Tavares, Mark Scheifele - PK : Alex Killorn
Extra Defensemen
Normal : Esa Lindell, Morgan Rielly, Joshua Morrissey - PP : Joshua Morrissey - PK : Esa Lindell, Morgan Rielly
Penalty Shots
William Nylander, Teuvo Teravainen, Mark Scheifele, Calle Jarnkrok, Alex Killorn
% Time on Ice - Winnipeg Jets
Lines # - Real PCT - Wanted PCT - Time Play
Normal Forward
1 - 29% - 30% - 14:28
2 - 30% - 30% - 15:06
3 - 25% - 25% - 12:40
4 - 17% - 15% - 8:22
Normal Defense
1 - 32% - 30% - 16:06
2 - 29% - 30% - 14:37
3 - 24% - 25% - 12:21
4 - 15% - 15% - 7:32
PP Forward
1 - 47% - 50% - 2:34
2 - 53% - 50% - 2:52
PP Defense
1 - 52% - 50% - 2:48
2 - 48% - 50% - 2:38
PK Forward
1 - 49% - 50% - 1:57
2 - 51% - 50% - 2:01
PK Defense
1 - 58% - 50% - 2:18
2 - 42% - 50% - 1:40
PK3 Forward
1 - 0% - 50%
2 - 0% - 50%
PK3 Defense
1 - 0% - 50%
2 - 0% - 50%
44 Forward
1 - 0% - 50%
2 - 0% - 50%
44 Defense
1 - 0% - 50%
2 - 0% - 50%
Last Minute Offensive - 0:00
Last Minute Defensive - 0:00
Total
Forward - 60:00
Defense - 60:00
|
% Time on Ice - Anaheim Ducks
Lines # - Real PCT - Wanted PCT - Time Play
Normal Forward
1 - 33% - 40% - 16:44
2 - 27% - 30% - 13:48
3 - 24% - 20% - 12:20
4 - 15% - 10% - 7:44
Normal Defense
1 - 34% - 35% - 17:22
2 - 35% - 35% - 17:52
3 - 30% - 30% - 15:22
4 - 0% - 0% - 0:00
PP Forward
1 - 49% - 60% - 1:57
2 - 51% - 40% - 2:01
PP Defense
1 - 54% - 60% - 2:08
2 - 46% - 40% - 1:50
PK Forward
1 - 68% - 55% - 3:41
2 - 32% - 45% - 1:45
PK Defense
1 - 50% - 50% - 2:42
2 - 50% - 50% - 2:44
PK3 Forward
1 - 0% - 50%
2 - 0% - 50%
PK3 Defense
1 - 0% - 50%
2 - 0% - 50%
44 Forward
1 - 0% - 60%
2 - 0% - 40%
44 Defense
1 - 0% - 50%
2 - 0% - 50%
Last Minute Offensive - 0:00
Last Minute Defensive - 0:00
Total
Forward - 60:00
Defense - 60:00
|
Play-by-Play
1st period
0:01 of 1st period - Connor McDavid wins face-off versus John Tavares in neutral zone.
0:28 of 1st period - Slapshot by William Nylander.
0:28 of 1st period - Shot Misses the Net.
0:55 of 1st period - Icing by Brenden Dillon.
0:56 of 1st period - Matthew Beniers wins face-off versus J.T. Compher in Anaheim Ducks zone.
0:59 of 1st period - Snap shot by Matthew Beniers.
0:59 of 1st period - Deflect By Barclay Goodrow.
0:59 of 1st period - Goal by Barclay Goodrow - Winnipeg Jets : 1 - Anaheim Ducks : 0.
1:00 of 1st period - Matthew Beniers wins face-off versus Nazem Kadri in neutral zone.
1:25 of 1st period - Joel Armia is hit by Brayden Schenn and loses puck.
2:36 of 1st period - Icing by Calen Addison.
2:37 of 1st period - Sam Steel wins face-off versus Chandler Stephenson in Winnipeg Jets zone.
2:42 of 1st period - Snap shot by Chandler Stephenson.
2:42 of 1st period - Shot Blocked by Klim Kostin.
2:44 of 1st period - Slapshot by Esa Lindell.
2:44 of 1st period - Shot Misses the Net.
2:46 of 1st period - Wrist shot by Alex Killorn.
2:46 of 1st period - Shot Misses the Net.
2:48 of 1st period - Slapshot by Esa Lindell.
2:48 of 1st period - Shot Blocked by Calen Addison.
2:50 of 1st period - Slapshot by Esa Lindell.
2:50 of 1st period - Stopped by Spencer Knight without a rebound.
2:51 of 1st period - Connor McDavid wins face-off versus John Tavares in Winnipeg Jets zone.
3:27 of 1st period - Backhand shot by Teuvo Teravainen.
3:27 of 1st period - Stopped by Spencer Knight with a rebound.
3:36 of 1st period - Icing by Dante Fabbro.
3:37 of 1st period - Matthew Beniers wins face-off versus Chandler Stephenson in Winnipeg Jets zone.
3:42 of 1st period - Snap shot by Matthew Beniers.
3:42 of 1st period - Stopped by Linus Ullmark without a rebound.
3:43 of 1st period - Chandler Stephenson wins face-off versus Matthew Beniers in Anaheim Ducks zone.
4:02 of 1st period - Wrist shot by Brayden Schenn.
4:02 of 1st period - Shot Blocked by Calen Addison.
4:08 of 1st period - Esa Lindell is hit by Matthew Beniers and loses puck.
4:19 of 1st period - Snap shot by Barclay Goodrow.
4:19 of 1st period - Shot Blocked by Alex Killorn.
4:33 of 1st period - Snap shot by Joel Armia.
4:33 of 1st period - Shot Misses the Net.
4:35 of 1st period - Snap shot by Joel Armia.
4:35 of 1st period - Shot Blocked by Esa Lindell.
4:37 of 1st period - Snap shot by Joel Armia.
4:37 of 1st period - Stopped by Linus Ullmark with a rebound.
4:39 of 1st period - Slapshot by Dante Fabbro.
4:39 of 1st period - Stopped by Linus Ullmark with a rebound.
4:59 of 1st period - Snap shot by Calen Addison.
4:59 of 1st period - Stopped by Linus Ullmark without a rebound.
5:00 of 1st period - Mark Scheifele wins face-off versus Connor McDavid in Anaheim Ducks zone.
5:02 of 1st period - Icing by William Nylander.
5:03 of 1st period - John Tavares wins face-off versus Connor McDavid in Anaheim Ducks zone.
5:08 of 1st period - Dylan Samberg is hit by William Nylander and loses puck.
5:22 of 1st period - Icing by Dylan Samberg.
5:23 of 1st period - Connor McDavid wins face-off versus Nazem Kadri in Winnipeg Jets zone.
5:32 of 1st period - Slapshot by Lucas Raymond.
5:32 of 1st period - Shot Misses the Net.
6:29 of 1st period - Morgan Rielly is hit by Joel Armia and loses puck.
6:50 of 1st period - Lucas Raymond is hit by Morgan Rielly.
7:04 of 1st period - Icing by Connor McDavid.
7:05 of 1st period - Connor McDavid wins face-off versus John Tavares in Winnipeg Jets zone.
7:38 of 1st period - Off-side.
7:39 of 1st period - Nick Suzuki wins face-off versus John Tavares in neutral zone.
8:06 of 1st period - Dante Fabbro is hit by Teuvo Teravainen and loses puck.
9:47 of 1st period - Joshua Morrissey is hit by Lucas Raymond and loses puck.
10:06 of 1st period - Slapshot by William Nylander.
10:06 of 1st period - Goal by William Nylander - Winnipeg Jets : 1 - Anaheim Ducks : 1.
10:07 of 1st period - Nick Suzuki wins face-off versus Mark Scheifele in neutral zone.
10:59 of 1st period - Wrist shot by Lucas Raymond.
10:59 of 1st period - Shot Misses the Net.
11:26 of 1st period - Snap shot by Nick Suzuki.
11:26 of 1st period - Stopped by Linus Ullmark without a rebound.
11:27 of 1st period - Connor McDavid wins face-off versus John Tavares in Anaheim Ducks zone.
12:04 of 1st period - Wrist shot by Brayden Schenn.
12:04 of 1st period - Deflect By Chandler Stephenson.
12:04 of 1st period - Stopped by Spencer Knight without a rebound.
12:05 of 1st period - J.T. Compher wins face-off versus Matthew Beniers in Winnipeg Jets zone.
12:18 of 1st period - Snap shot by Matthew Beniers.
12:18 of 1st period - Stopped by Linus Ullmark without a rebound.
12:19 of 1st period - John Tavares wins face-off versus Nick Suzuki in Anaheim Ducks zone.
12:44 of 1st period - Connor McDavid is hit by Brenden Dillon and loses puck.
13:50 of 1st period - Sam Steel is hit by Ivan Provorov.
14:14 of 1st period - Snap shot by Chandler Stephenson.
14:14 of 1st period - Stopped by Spencer Knight without a rebound.
14:15 of 1st period - Nick Suzuki wins face-off versus Chandler Stephenson in Winnipeg Jets zone.
14:20 of 1st period - Wrist shot by Chandler Stephenson.
14:20 of 1st period - Shot Blocked by Jordan Harris.
15:02 of 1st period - Barclay Goodrow is hit by Alex Killorn and loses puck.
15:15 of 1st period - Wrist shot by Brayden Schenn.
15:15 of 1st period - Stopped by Spencer Knight with a rebound.
15:29 of 1st period - Wrist shot by Matthew Beniers.
15:29 of 1st period - Stopped by Linus Ullmark without a rebound.
15:30 of 1st period - John Tavares wins face-off versus Nick Suzuki in Anaheim Ducks zone.
15:37 of 1st period - Snap shot by William Nylander.
15:37 of 1st period - Stopped by Spencer Knight without a rebound.
15:38 of 1st period - John Tavares wins face-off versus Nick Suzuki in Winnipeg Jets zone.
16:43 of 1st period - Icing by Joshua Morrissey.
16:44 of 1st period - Nazem Kadri wins face-off versus Joel Armia in Anaheim Ducks zone.
17:41 of 1st period - Wrist shot by Brayden Schenn.
17:41 of 1st period - Stopped by Spencer Knight without a rebound.
17:42 of 1st period - John Tavares wins face-off versus Nick Suzuki in Winnipeg Jets zone.
17:59 of 1st period - Icing by Nathan Beaulieu.
18:00 of 1st period - Chandler Stephenson wins face-off versus Nick Suzuki in Winnipeg Jets zone.
18:09 of 1st period - Wrist shot by Nick Suzuki.
18:09 of 1st period - Stopped by Linus Ullmark with a rebound.
18:31 of 1st period - Snap shot by Nick Suzuki.
18:31 of 1st period - Deflect By John Tavares.
18:31 of 1st period - Goal by Nick Suzuki - Winnipeg Jets : 2 - Anaheim Ducks : 1.
18:32 of 1st period - John Tavares wins face-off versus Connor McDavid in neutral zone.
18:39 of 1st period - Snap shot by John Tavares.
18:39 of 1st period - Shot Blocked by Lucas Raymond.
18:41 of 1st period - Slapshot by Morgan Rielly.
18:41 of 1st period - Shot Misses the Net.
18:43 of 1st period - Snap shot by William Nylander.
18:43 of 1st period - Shot Misses the Net.
19:10 of 1st period - Morgan Rielly is hit by Dante Fabbro and loses puck.
19:29 of 1st period - Slapshot by Nick Suzuki.
19:29 of 1st period - Shot Misses the Net.
19:31 of 1st period - Snap shot by Nick Suzuki.
19:31 of 1st period - Deflect By Kaapo Kakko.
19:31 of 1st period - Stopped by Linus Ullmark with a rebound.
Goals for this period are 2 for Winnipeg Jets vs 1 for Anaheim Ducks.
Shots for this period are 11 for Winnipeg Jets vs 8 for Anaheim Ducks.
2nd period
0:01 of 2nd period - John Tavares wins face-off versus Connor McDavid in neutral zone.
0:35 of 2nd period - Off-side.
0:36 of 2nd period - Matthew Beniers wins face-off versus John Tavares in neutral zone.
0:42 of 2nd period - Snap shot by Barclay Goodrow.
0:42 of 2nd period - Stopped by Linus Ullmark without a rebound.
0:43 of 2nd period - John Tavares wins face-off versus Matthew Beniers in Anaheim Ducks zone.
0:43 of 2nd period - John Tavares is hit by Matthew Beniers.
1:33 of 2nd period - Wrist shot by Klim Kostin.
1:33 of 2nd period - Shot Hit the Post.
1:35 of 2nd period - Snap shot by Pius Suter.
1:35 of 2nd period - Stopped by Linus Ullmark without a rebound.
1:36 of 2nd period - Klim Kostin wins face-off versus John Tavares in Anaheim Ducks zone.
2:01 of 2nd period - Double Minor Penalty to Mark Scheifele for Boarding.
2:02 of 2nd period - Chandler Stephenson wins face-off versus Connor McDavid in Anaheim Ducks zone.
2:29 of 2nd period - Kaapo Kakko is hit by Esa Lindell and loses puck.
2:58 of 2nd period - Teuvo Teravainen is hit by Dylan Samberg and loses puck.
3:33 of 2nd period - Wrist shot by Andrew Cogliano.
3:33 of 2nd period - Goal by Andrew Cogliano - Winnipeg Jets : 3 - Anaheim Ducks : 1.
3:34 of 2nd period - Connor McDavid wins face-off versus J.T. Compher in neutral zone.
5:33 of 2nd period - Penalty to Mark Scheifele is over, Mark Scheifele is back on ice.
5:40 of 2nd period - Wrist shot by Joel Armia.
5:40 of 2nd period - Shot Misses the Net.
5:43 of 2nd period - Icing by Mark Scheifele.
5:44 of 2nd period - Matthew Beniers wins face-off versus J.T. Compher in Anaheim Ducks zone.
6:05 of 2nd period - Snap shot by Teuvo Teravainen.
6:05 of 2nd period - Shot Misses the Net.
6:07 of 2nd period - Slapshot by Teuvo Teravainen.
6:07 of 2nd period - Shot Blocked by Barclay Goodrow.
6:09 of 2nd period - Wrist shot by Teuvo Teravainen.
6:09 of 2nd period - Stopped by Spencer Knight with a rebound.
6:21 of 2nd period - Snap shot by Teuvo Teravainen.
6:21 of 2nd period - Shot Misses the Net.
6:23 of 2nd period - Slapshot by J.T. Compher.
6:23 of 2nd period - Stopped by Spencer Knight without a rebound.
6:24 of 2nd period - Chandler Stephenson wins face-off versus Nick Suzuki in Winnipeg Jets zone.
6:25 of 2nd period - Slapshot by Brayden Schenn.
6:25 of 2nd period - Shot Misses the Net.
6:27 of 2nd period - Slapshot by Joshua Morrissey.
6:27 of 2nd period - Shot Blocked by Dylan Samberg.
6:29 of 2nd period - Snap shot by Chandler Stephenson.
6:29 of 2nd period - Shot Blocked by Andrew Cogliano.
6:31 of 2nd period - Slapshot by Joshua Morrissey.
6:31 of 2nd period - Stopped by Spencer Knight with a rebound.
6:39 of 2nd period - Snap shot by Brayden Schenn.
6:39 of 2nd period - Stopped by Spencer Knight with a rebound.
6:41 of 2nd period - Wrist shot by Alex Killorn.
6:41 of 2nd period - Shot Blocked by Calen Addison.
7:12 of 2nd period - Minor Penalty to Nazem Kadri for Roughing.
7:13 of 2nd period - Connor McDavid wins face-off versus Chandler Stephenson in Anaheim Ducks zone.
7:19 of 2nd period - Snap shot by Lucas Raymond.
7:19 of 2nd period - Shot Hit the Post.
7:39 of 2nd period - Nathan Beaulieu is hit by Brenden Dillon and loses puck.
8:24 of 2nd period - Ivan Provorov is hit by Nick Suzuki and loses puck.
8:29 of 2nd period - Snap shot by Nick Suzuki.
8:29 of 2nd period - Deflect By Kaapo Kakko.
8:29 of 2nd period - Goal by Kaapo Kakko - Winnipeg Jets : 4 - Anaheim Ducks : 1.
8:30 of 2nd period - Connor McDavid wins face-off versus John Tavares in neutral zone.
8:39 of 2nd period - Snap shot by Alex DeBrincat.
8:39 of 2nd period - Stopped by Linus Ullmark with a rebound.
9:13 of 2nd period - Slapshot by William Nylander.
9:13 of 2nd period - Stopped by Spencer Knight with a rebound.
9:31 of 2nd period - Snap shot by Sam Steel.
9:31 of 2nd period - Stopped by Linus Ullmark with a rebound.
9:33 of 2nd period - Wrist shot by Sam Steel.
9:33 of 2nd period - Deflect By Pius Suter.
9:33 of 2nd period - Shot Misses the Net.
9:33 of 2nd period - Puck is out of play.
9:34 of 2nd period - J.T. Compher wins face-off versus Connor McDavid in Anaheim Ducks zone.
9:45 of 2nd period - Snap shot by J.T. Compher.
9:45 of 2nd period - Stopped by Spencer Knight with a rebound.
10:11 of 2nd period - Wrist shot by Kaapo Kakko.
10:11 of 2nd period - Shot Misses the Net.
10:13 of 2nd period - Wrist shot by Nick Suzuki.
10:13 of 2nd period - Deflect By Andrew Cogliano.
10:13 of 2nd period - Stopped by Linus Ullmark with a rebound.
10:15 of 2nd period - Wrist shot by Andrew Cogliano.
10:15 of 2nd period - Shot Misses the Net.
10:33 of 2nd period - Wrist shot by Barclay Goodrow.
10:33 of 2nd period - Stopped by Linus Ullmark with a rebound.
10:35 of 2nd period - Wrist shot by Matthew Beniers.
10:35 of 2nd period - Stopped by Linus Ullmark with a rebound.
11:08 of 2nd period - Brayden Schenn is hit by Alex DeBrincat.
12:00 of 2nd period - Teuvo Teravainen is hit by Nathan Beaulieu and loses puck.
12:05 of 2nd period - Slapshot by Sam Steel.
12:05 of 2nd period - Stopped by Linus Ullmark with a rebound.
12:07 of 2nd period - Snap shot by Nathan Beaulieu.
12:07 of 2nd period - Shot Blocked by Ivan Provorov.
12:09 of 2nd period - Slapshot by Dante Fabbro.
12:09 of 2nd period - Shot Misses the Net.
12:11 of 2nd period - Slapshot by Sam Steel.
12:11 of 2nd period - Stopped by Linus Ullmark without a rebound.
12:12 of 2nd period - John Tavares wins face-off versus Connor McDavid in Anaheim Ducks zone.
12:23 of 2nd period - Snap shot by John Tavares.
12:23 of 2nd period - Stopped by Spencer Knight with a rebound.
12:25 of 2nd period - Backhand shot by Ivan Provorov.
12:25 of 2nd period - Shot Misses the Net.
12:27 of 2nd period - Wrist shot by Mark Scheifele.
12:27 of 2nd period - Shot Blocked by Dylan Samberg.
12:29 of 2nd period - Wrist shot by Mark Scheifele.
12:29 of 2nd period - Stopped by Spencer Knight with a rebound.
13:28 of 2nd period - Wrist shot by Teuvo Teravainen.
13:28 of 2nd period - Shot Misses the Net.
13:44 of 2nd period - Alex DeBrincat is hit by Joshua Morrissey.
14:33 of 2nd period - Wrist shot by Klim Kostin.
14:33 of 2nd period - Shot Blocked by J.T. Compher.
14:37 of 2nd period - Snap shot by Pius Suter.
14:37 of 2nd period - Goal by Pius Suter - Winnipeg Jets : 5 - Anaheim Ducks : 1.
14:38 of 2nd period - Connor McDavid wins face-off versus John Tavares in neutral zone.
14:43 of 2nd period - Wrist shot by Connor McDavid.
14:43 of 2nd period - Shot Blocked by Morgan Rielly.
14:46 of 2nd period - Icing by Morgan Rielly.
14:47 of 2nd period - Connor McDavid wins face-off versus John Tavares in Anaheim Ducks zone.
14:58 of 2nd period - Wrist shot by Lucas Raymond.
14:58 of 2nd period - Deflect By Connor McDavid.
14:58 of 2nd period - Stopped by Linus Ullmark with a rebound.
15:25 of 2nd period - Backhand shot by Mark Scheifele.
15:25 of 2nd period - Stopped by Spencer Knight without a rebound.
15:26 of 2nd period - Nick Suzuki wins face-off versus Chandler Stephenson in Winnipeg Jets zone.
15:26 of 2nd period - Alex Killorn and Nathan Beaulieu fight to a draw.
15:26 of 2nd period - Penalty to Alex Killorn for Fighting.
15:26 of 2nd period - Penalty to Nathan Beaulieu for Fighting.
15:26 of 2nd period - Penalty to Nathan Beaulieu for instigated a fight.
15:26 of 2nd period - Penalty to Nathan Beaulieu for instigated a fight.
15:27 of 2nd period - John Tavares wins face-off versus Connor McDavid in Winnipeg Jets zone.
15:52 of 2nd period - Alex DeBrincat is hit by Chandler Stephenson and loses puck.
16:05 of 2nd period - Snap shot by Chandler Stephenson.
16:05 of 2nd period - Stopped by Spencer Knight with a rebound.
17:26 of 2nd period - Penalty to Nathan Beaulieu is over, Joel Armia is send on ice.
17:28 of 2nd period - Off-side.
17:29 of 2nd period - Matthew Beniers wins face-off versus Nazem Kadri in neutral zone.
17:32 of 2nd period - Snap shot by Barclay Goodrow.
17:32 of 2nd period - Stopped by Linus Ullmark without a rebound.
17:33 of 2nd period - Matthew Beniers wins face-off versus Nazem Kadri in Anaheim Ducks zone.
17:49 of 2nd period - Off-side.
17:50 of 2nd period - John Tavares wins face-off versus Nick Suzuki in neutral zone.
18:17 of 2nd period - J.T. Compher is hit by Dante Fabbro and loses puck.
18:28 of 2nd period - Snap shot by Brayden Schenn.
18:28 of 2nd period - Stopped by Spencer Knight with a rebound.
18:44 of 2nd period - Snap shot by Nazem Kadri.
18:44 of 2nd period - Shot Blocked by Dylan Samberg.
18:46 of 2nd period - Slapshot by Morgan Rielly.
18:46 of 2nd period - Stopped by Spencer Knight with a rebound.
18:48 of 2nd period - Wrist shot by Mason Marchment.
18:48 of 2nd period - Stopped by Spencer Knight with a rebound.
19:19 of 2nd period - Slapshot by Kaapo Kakko.
19:19 of 2nd period - Stopped by Linus Ullmark with a rebound.
19:28 of 2nd period - Minor Penalty to Josh Manson for Roughing.
19:29 of 2nd period - Chandler Stephenson wins face-off versus Lucas Raymond in Anaheim Ducks zone.
19:47 of 2nd period - Off-side.
19:48 of 2nd period - Chandler Stephenson wins face-off versus Nick Suzuki in neutral zone.
Goals for this period are 3 for Winnipeg Jets vs 0 for Anaheim Ducks.
Shots for this period are 15 for Winnipeg Jets vs 13 for Anaheim Ducks.
3rd period
0:01 of 3rd period - Connor McDavid wins face-off versus Chandler Stephenson in neutral zone.
0:06 of 3rd period - Snap shot by Alex DeBrincat.
0:06 of 3rd period - Goal by Alex DeBrincat - Winnipeg Jets : 6 - Anaheim Ducks : 1.
0:07 of 3rd period - John Tavares wins face-off versus Nick Suzuki in neutral zone.
1:15 of 3rd period - Brenden Dillon beats up Klim Kostin.
1:15 of 3rd period - Penalty to Brenden Dillon for Fighting.
1:15 of 3rd period - Penalty to Klim Kostin for Fighting.
1:16 of 3rd period - John Tavares wins face-off versus Nick Suzuki in neutral zone.
1:20 of 3rd period - Minor Penalty to Andrew Cogliano for Roughing.
1:21 of 3rd period - Connor McDavid wins face-off versus Mark Scheifele in Winnipeg Jets zone.
2:02 of 3rd period - Joshua Morrissey is hit by Nick Suzuki and loses puck.
3:20 of 3rd period - Penalty to Andrew Cogliano is over, Andrew Cogliano is back on ice.
3:38 of 3rd period - Barclay Goodrow is hit by J.T. Compher and loses puck.
3:49 of 3rd period - Nazem Kadri is hit by Ty Smith and loses puck.
4:02 of 3rd period - Sam Steel is hit by Josh Manson and loses puck.
4:20 of 3rd period - Morgan Rielly is hit by Nick Suzuki and loses puck.
4:45 of 3rd period - Joshua Morrissey is hit by Dante Fabbro and loses puck.
5:08 of 3rd period - Calle Jarnkrok is hit by Connor McDavid and loses puck.
5:40 of 3rd period - Pius Suter is hit by Morgan Rielly and loses puck.
6:26 of 3rd period - Barclay Goodrow is hit by Calle Jarnkrok and loses puck.
6:38 of 3rd period - J.T. Compher is hit by Dante Fabbro and loses puck.
7:05 of 3rd period - Ty Smith is hit by Teuvo Teravainen and loses puck.
7:14 of 3rd period - Ty Smith is hit by Teuvo Teravainen and loses puck.
7:25 of 3rd period - Calle Jarnkrok is hit by Matthew Beniers and loses puck.
7:43 of 3rd period - Wrist shot by Joel Armia.
7:43 of 3rd period - Stopped by Linus Ullmark with a rebound.
7:45 of 3rd period - Snap shot by Joel Armia.
7:45 of 3rd period - Stopped by Linus Ullmark with a rebound.
7:49 of 3rd period - Backhand shot by Matthew Beniers.
7:49 of 3rd period - Shot Blocked by Esa Lindell.
7:51 of 3rd period - Snap shot by Matthew Beniers.
7:51 of 3rd period - Shot Misses the Net.
8:11 of 3rd period - J.T. Compher is hit by Dylan Samberg and loses puck.
8:18 of 3rd period - Barclay Goodrow is hit by Calle Jarnkrok and loses puck.
8:23 of 3rd period - Snap shot by J.T. Compher.
8:23 of 3rd period - Shot Blocked by Jordan Harris.
8:25 of 3rd period - Snap shot by J.T. Compher.
8:25 of 3rd period - Shot Misses the Net.
8:27 of 3rd period - Wrist shot by Teuvo Teravainen.
8:27 of 3rd period - Stopped by Spencer Knight without a rebound.
8:28 of 3rd period - John Tavares wins face-off versus Connor McDavid in Winnipeg Jets zone.
8:42 of 3rd period - Slapshot by Morgan Rielly.
8:42 of 3rd period - Stopped by Spencer Knight with a rebound.
8:44 of 3rd period - Snap shot by William Nylander.
8:44 of 3rd period - Stopped by Spencer Knight without a rebound.
8:45 of 3rd period - Chandler Stephenson wins face-off versus Nick Suzuki in Winnipeg Jets zone.
9:11 of 3rd period - John Tavares is hit by Alex DeBrincat and loses puck.
9:38 of 3rd period - Slapshot by Mark Scheifele.
9:38 of 3rd period - Deflect By Connor McDavid.
9:38 of 3rd period - Shot Blocked by Dante Fabbro.
9:38 of 3rd period - Puck is out of play.
9:39 of 3rd period - Chandler Stephenson wins face-off versus Nick Suzuki in Winnipeg Jets zone.
9:50 of 3rd period - Snap shot by Alex Killorn.
9:50 of 3rd period - Stopped by Spencer Knight without a rebound.
9:51 of 3rd period - John Tavares wins face-off versus Nick Suzuki in Winnipeg Jets zone.
10:26 of 3rd period - 10 Minutes Misconduct Penalty to Nathan Beaulieu is over.
10:44 of 3rd period - Snap shot by Nazem Kadri.
10:44 of 3rd period - Shot Misses the Net.
10:55 of 3rd period - Off-side.
10:56 of 3rd period - John Tavares wins face-off versus Nick Suzuki in neutral zone.
11:46 of 3rd period - Snap shot by Sam Steel.
11:46 of 3rd period - Stopped by Linus Ullmark with a rebound.
11:48 of 3rd period - Snap shot by Klim Kostin.
11:48 of 3rd period - Shot Misses the Net.
11:50 of 3rd period - Slapshot by Nathan Beaulieu.
11:50 of 3rd period - Stopped by Linus Ullmark with a rebound.
11:52 of 3rd period - Wrist shot by Klim Kostin.
11:52 of 3rd period - Shot Misses the Net.
11:54 of 3rd period - Slapshot by Nathan Beaulieu.
11:54 of 3rd period - Shot Misses the Net.
12:24 of 3rd period - Wrist shot by Mark Scheifele.
12:24 of 3rd period - Deflect By William Nylander.
12:24 of 3rd period - Shot Misses the Net.
12:24 of 3rd period - Puck is out of play.
12:25 of 3rd period - John Tavares wins face-off versus Matthew Beniers in Winnipeg Jets zone.
12:27 of 3rd period - Mark Scheifele beats up Matthew Beniers.
12:27 of 3rd period - Penalty to Mark Scheifele for Fighting.
12:27 of 3rd period - Penalty to Matthew Beniers for Fighting.
12:28 of 3rd period - John Tavares wins face-off versus Connor McDavid in Winnipeg Jets zone.
12:33 of 3rd period - Slapshot by William Nylander.
12:33 of 3rd period - Shot Misses the Net.
12:35 of 3rd period - Wrist shot by William Nylander.
12:35 of 3rd period - Stopped by Spencer Knight with a rebound.
12:37 of 3rd period - Backhand shot by Esa Lindell.
12:37 of 3rd period - Stopped by Spencer Knight with a rebound.
12:39 of 3rd period - Slapshot by William Nylander.
12:39 of 3rd period - Deflect By John Tavares.
12:39 of 3rd period - Shot Misses the Net.
12:39 of 3rd period - Puck is out of play.
12:40 of 3rd period - John Tavares wins face-off versus Nick Suzuki in Winnipeg Jets zone.
13:15 of 3rd period - Slapshot by Joshua Morrissey.
13:15 of 3rd period - Shot Misses the Net.
13:49 of 3rd period - Wrist shot by Brayden Schenn.
13:49 of 3rd period - Shot Blocked by Dante Fabbro.
14:40 of 3rd period - Joel Armia is hit by Max Domi.
14:44 of 3rd period - Josh Manson is hit by Barclay Goodrow and loses puck.
16:06 of 3rd period - Snap shot by Connor McDavid.
16:06 of 3rd period - Stopped by Linus Ullmark with a rebound.
16:52 of 3rd period - Connor McDavid is hit by Josh Manson.
16:56 of 3rd period - Jordan Harris is hit by Esa Lindell and loses puck.
17:10 of 3rd period - Icing by Alex DeBrincat.
17:11 of 3rd period - Connor McDavid wins face-off versus Nazem Kadri in Winnipeg Jets zone.
17:11 of 3rd period - Connor McDavid is hit by Josh Manson.
17:20 of 3rd period - Josh Manson beats up Kaapo Kakko.
17:20 of 3rd period - Penalty to Josh Manson for Fighting.
17:20 of 3rd period - Penalty to Kaapo Kakko for Fighting.
17:21 of 3rd period - Nick Suzuki wins face-off versus John Tavares in Anaheim Ducks zone.
17:22 of 3rd period - Slapshot by Andrew Cogliano.
17:22 of 3rd period - Stopped by Linus Ullmark with a rebound.
17:24 of 3rd period - Slapshot by Jordan Harris.
17:24 of 3rd period - Stopped by Linus Ullmark with a rebound.
17:26 of 3rd period - Slapshot by Ty Smith.
17:26 of 3rd period - Stopped by Linus Ullmark without a rebound.
17:27 of 3rd period - John Tavares wins face-off versus Nick Suzuki in Anaheim Ducks zone.
17:27 of 3rd period - John Tavares is hit by Nick Suzuki.
17:59 of 3rd period - Wrist shot by Andrew Cogliano.
17:59 of 3rd period - Goal by Andrew Cogliano - Winnipeg Jets : 7 - Anaheim Ducks : 1.
18:00 of 3rd period - John Tavares wins face-off versus Connor McDavid in neutral zone.
18:17 of 3rd period - Slapshot by Calen Addison.
18:17 of 3rd period - Deflect By Connor McDavid.
18:17 of 3rd period - Shot Misses the Net.
18:17 of 3rd period - Puck is out of play.
18:18 of 3rd period - Chandler Stephenson wins face-off versus Nick Suzuki in Anaheim Ducks zone.
18:54 of 3rd period - Slapshot by Ivan Provorov.
18:54 of 3rd period - Shot Blocked by Ty Smith.
19:18 of 3rd period - Wrist shot by Nick Suzuki.
19:18 of 3rd period - Deflect By Ivan Provorov.
19:18 of 3rd period - Stopped by Linus Ullmark without a rebound.
19:19 of 3rd period - Connor McDavid wins face-off versus John Tavares in Anaheim Ducks zone.
19:28 of 3rd period - Wrist shot by Mark Scheifele.
19:28 of 3rd period - Shot Misses the Net.
19:30 of 3rd period - Slapshot by John Tavares.
19:30 of 3rd period - Shot Misses the Net.
19:32 of 3rd period - Snap shot by Brenden Dillon.
19:32 of 3rd period - Shot Misses the Net.
19:53 of 3rd period - Snap shot by J.T. Compher.
19:53 of 3rd period - Stopped by Spencer Knight with a rebound.
Goals for this period are 2 for Winnipeg Jets vs 0 for Anaheim Ducks.
Shots for this period are 11 for Winnipeg Jets vs 7 for Anaheim Ducks.
Back to the Top